 Dungeon Crawl Stone Soup version 0.21.1-1-g345015f (webtiles) character file.

80 tidbits the Grave Robber (level 4, 15/32 HPs)
             Began as a Gnoll Necromancer on June 26, 2018.
             Quit the game on level 4 of the Dungeon.
             The game lasted 00:02:19 (291 turns).

tidbits the Grave Robber (Gnoll Necromancer)         Turns: 291, Time: 00:02:20

Health: 15/32      AC:  2    Str: 10    XL:     4   Next: 39%
Magic:  11/11      EV: 15    Int: 19    God:
Gold:   77         SH:  0    Dex: 15    Spells: 8/13 levels left

rFire    . . .     SeeInvis .   b - +0 long sword
rCold    . . .     Gourm    .   (no shield)
rNeg     . . .     Faith    .   a - +0 robe
rPois    .         Spirit   .   (no helmet)
rElec    .         Reflect  .   (no cloak)
rCorr    .         Harm     .   (no gloves)
MR       .....                  (no boots)
Stlth    +++.......             (no amulet)
HPRegen  0.10/turn              (no ring)
MPRegen  0.12/turn              (no ring)

@: no status effects
A: distributed training, fangs 1, strong nose
a: no special abilities


You were on level 4 of the Dungeon.
You were not hungry.

You visited 1 branch of the dungeon, and saw 4 of its levels.

You collected 77 gold pieces.

Inventory:

Hand Weapons
 b - a +0 long sword (weapon)
 d - a +0 dagger
Armour
 a - a +0 robe (worn)
Scrolls
 e - 2 scrolls of identify {unknown}
 f - a scroll of teleportation {unknown}
Books
 g - a book of Necromancy

   Spells                             Type                      Level
   a - Pain                           Necromancy                   1
   b - Animate Skeleton               Necromancy                   1
   c - Vampiric Draining              Necromancy                   3
   d - Regeneration                   Charms/Necromancy            3
   e - Animate Dead                   Necromancy                   4
   f - Borgnjor's Vile Clutch         Necromancy/Earth             5
Comestibles
 c - 5 rations


   Skills:
 + Level 1.1 Fighting
 + Level 1.1 Short Blades
 + Level 1.1 Long Blades
 + Level 1.1 Axes
 + Level 1.1 Maces & Flails
 + Level 1.1 Polearms
 + Level 1.1 Staves
 + Level 1.1 Slings
 + Level 1.1 Bows
 + Level 1.1 Crossbows
 + Level 1.1 Throwing
 + Level 1.1 Armour
 + Level 4.6 Dodging
 + Level 4.2 Stealth
 + Level 1.1 Shields
 + Level 1.1 Unarmed Combat
 + Level 5.0 Spellcasting
 + Level 0.8 Conjurations
 + Level 0.8 Hexes
 + Level 0.8 Charms
 + Level 0.8 Summonings
 + Level 7.1 Necromancy
 + Level 0.8 Translocations
 + Level 0.8 Transmutations
 + Level 0.8 Fire Magic
 + Level 0.8 Ice Magic
 + Level 0.8 Air Magic
 + Level 0.8 Earth Magic
 + Level 0.8 Poison Magic
 + Level 1.2 Invocations
 + Level 1.1 Evocations


You had 8 spell levels left.
You knew the following spells:

 Your Spells              Type           Power        Failure   Level  Hunger
a - Pain                  Necr           ####         1%          1    None
d - Vampiric Draining     Necr           ####......   1%          3    ##.....
n - Animate Skeleton      Necr           N/A          1%          1    None


Dungeon Overview and Level Annotations

Branches:
Dungeon (4/15)
 Temple: D:4-7

Altars:

Annotations:
D:3 Grinder


Innate Abilities, Weirdness & Mutations

Your experience applies equally to all skills.
You have very sharp teeth.
Your uncanny sense of smell can sniff out nearby items.


Message History

The hound skeleton bites you but does no damage.
The hound skeleton misses you.
You see here 11 gold pieces.
You now have 72 gold pieces (gained 11).
The hound skeleton completely misses you.
The hound skeleton closely misses you.
The adder hisses angrily.
The adder closely misses you. The hound skeleton bites you.
There is a stone staircase leading up here.
The adder bites you. The adder closely misses you.
Found 5 gold pieces.
The hound skeleton misses you.
You see here 5 gold pieces.
You now have 77 gold pieces (gained 5).
The hound skeleton completely misses you.
The hound skeleton bites you but does no damage.
You hit the hound skeleton.
The hound skeleton is lightly damaged.
The hound skeleton closely misses you. The hound skeleton barely misses you.
You hit the hound skeleton.
You bite the hound skeleton, but do no damage.
The hound skeleton is lightly damaged.
The hound skeleton closely misses you.
You hit the hound skeleton.
The hound skeleton is moderately damaged.
The hound skeleton completely misses you.
You barely miss the hound skeleton.
The hound skeleton is moderately damaged.
The hound skeleton misses you.
You hit the hound skeleton.
The hound skeleton is heavily damaged.
The hound skeleton completely misses you.
You hit the hound skeleton but do no damage.
The hound skeleton is heavily damaged.
The hound skeleton bites you but does no damage.
The hound skeleton bites you.
You hit the hound skeleton.
The hound skeleton is heavily damaged.
The hound skeleton barely misses you.
You barely miss the hound skeleton.
The hound skeleton is heavily damaged.
The hound skeleton closely misses you.
You barely miss the hound skeleton.
The hound skeleton is heavily damaged.
The hound skeleton misses you.
You hit the hound skeleton.
The hound skeleton is severely damaged.
The hound skeleton bites you.
The hound skeleton bites you but does no damage.
You hit the hound skeleton. You bite the hound skeleton.
The hound skeleton is severely damaged.
The hound skeleton barely misses you.
You hit the hound skeleton.
The hound skeleton is almost destroyed.
The hound skeleton barely misses you.
You hit the hound skeleton but do no damage.
The hound skeleton is almost destroyed.
The hound skeleton barely misses you. x2
You hit the hound skeleton. Your bite misses the hound skeleton.
The hound skeleton is almost destroyed.
The hound skeleton bites you but does no damage.
You hit the hound skeleton.
You destroy the hound skeleton!
The adder bites you.
You are poisoned.
The adder poisons you!
Casting: Pain
Confirm with . or Enter, or press ? or * to list all spells.
Aiming: Pain
Press: ? - help, Shift-Dir - straight line, f - adder
Aim: an adder (chance to defeat MR: 89%)
The adder writhes in agony!
You feel sick. The adder closely misses you.
Casting: Pain
Confirm with . or Enter, or press ? or * to list all spells.
Aiming: Pain
Press: ? - help, Shift-Dir - straight line, f/p - adder
Aim: an adder (almost dead, chance to defeat MR: 89%)
The adder writhes in agony!
You kill the adder!
You see here an adder corpse.
You feel sick.
You feel sick.
Found a long sword.
You see here a long sword.
g - a long sword You feel sick.
Wield which item (- for none, * to show all)? (? for menu, Esc to quit)
g - a +0 long sword (weapon)
Adjust (i)tems, (s)pells, or (a)bilities?
Adjust which item? (? for menu, Esc to quit)
g - a +0 long sword (weapon)
Adjust to which letter? (? for menu, Esc to quit)
b - a +0 long sword (weapon);
g - a book of Necromancy You feel sick.
You are no longer poisoned.
You enter a teleport trap!
The teleport trap disappears.
Your surroundings suddenly seem different.
Are you sure you want to abandon this character and quit the game? (Confirm with "yes".)

#..# #..# #..# #..# #..# ######
#..## #..# ##....####### #....
#..## ##...........#### #....
##..## #...............####....
##..## ##................#....##
##..###.....................##
##.......#...@..............#
#.......................#..#
##.........................#
#####.....###................#..#
..........# ###..............#...
####.........................##..
###.............#.......... #.
#.....#####....#.........# ####
....### ..##........#


There were no monsters in sight!

Vanquished Creatures
  2 worker ants (D:4)
  A hound skeleton (D:4)
  2 adders (D:4)
5 creatures vanquished.

Notes
Turn   | Place    | Note
-------+----------+-------------------------------------------
     0 | D:1      | tidbits the Gnoll Necromancer began the quest for the Orb.
     0 | D:1      | Reached XP level 1. HP: 13/13 MP: 6/6
    78 | D:3      | Noticed Grinder
    85 | D:4      | Noticed a worker ant
    88 | D:4      | Reached XP level 2. HP: 18/19 MP: 4/7
    98 | D:4      | Reached skill level 5 in Spellcasting
    98 | D:4      | Reached XP level 3. HP: 14/25 MP: 0/9
   101 | D:4      | Learned a level 1 spell: Animate Skeleton
   105 | D:4      | Learned a level 3 spell: Vampiric Draining
   154 | D:4      | Reached skill level 1 in Fighting
   154 | D:4      | Reached skill level 1 in Short Blades
   154 | D:4      | Reached skill level 1 in Long Blades
   154 | D:4      | Reached skill level 1 in Axes
   154 | D:4      | Reached skill level 1 in Maces & Flails
   154 | D:4      | Reached skill level 1 in Polearms
   154 | D:4      | Reached skill level 1 in Staves
   154 | D:4      | Reached skill level 1 in Slings
   154 | D:4      | Reached skill level 1 in Bows
   154 | D:4      | Reached skill level 1 in Crossbows
   154 | D:4      | Reached skill level 1 in Throwing
   154 | D:4      | Reached skill level 1 in Armour
   154 | D:4      | Reached skill level 1 in Shields
   154 | D:4      | Reached skill level 1 in Unarmed Combat
   154 | D:4      | Reached skill level 1 in Invocations
   154 | D:4      | Reached skill level 1 in Evocations
   154 | D:4      | Reached XP level 4. HP: 20/32 MP: 3/11
   291 | D:4      | Quit the game

Skill      XL: |  1  2  3 |
---------------+----------+-----
Spellcasting   | 5 |  5.0
Fighting       | 1 |  1.1
Short Blades   | 1 |  1.1
Long Blades    | 1 |  1.1
Axes           | 1 |  1.1
Maces & Flails | 1 |  1.1
Polearms       | 1 |  1.1
Staves         | 1 |  1.1
Slings         | 1 |  1.1
Bows           | 1 |  1.1
Crossbows      | 1 |  1.1
Throwing       | 1 |  1.1
Armour         | 1 |  1.1
Shields        | 1 |  1.1
Unarmed Combat | 1 |  1.1
Invocations    | 1 |  1.2
Evocations     | 1 |  1.1
Dodging        | |  4.6
Stealth        | |  4.2
Conjurations   | |  0.8
Hexes          | |  0.8
Charms         | |  0.8
Summonings     | |  0.8
Necromancy     | |  7.1
Translocations | |  0.8
Transmutations | |  0.8
Fire Magic     | |  0.8
Ice Magic      | |  0.8
Air Magic      | |  0.8
Earth Magic    | |  0.8
Poison Magic   | |  0.8

Action                   |  1- 3 |  4- 6 || total
-------------------------+-------+-------++-------
Melee: Dagger            |       |    15 ||    15
       Bite              |       |     2 ||     2
 Cast: Pain              |     9 |     3 ||    12
Armor: Robe              |       |     5 ||     5
Dodge: Dodged            |     2 |    24 ||    26

Table legend:
 A = Turns spent in this place as a percentage of turns spent in the entire game.
 B = Non-inter-level travel turns spent in this place as a percentage of non-inter-level travel turns spent in the entire game.
 C = Inter-level travel turns spent in this place as a percentage of turns spent in this place.
 D = Turns resting spent in this place as a percentage of non-inter-level travel turns spent in this place.
 E = Turns spent auto-exploring this place as a percentage of non-inter-level travel turns spent in this place.
 F = Non-inter-level travel turns spent in this place divided by the number of levels of this place that you've seen.
                   A       B       C       D       E      F
               +-------+-------+-------+-------+-------+----------------------
         Total | 100.0 | 100.0 |   0.0 |   0.0 |   0.0 |  72.8
       Dungeon | 100.0 | 100.0 |   0.0 |   0.0 |   0.0 |  72.8
               +-------+-------+-------+-------+-------+----------------------

Table legend:
 A = Kills in this place as a percentage of kills in entire the game.
 B = Kills by you in this place as a percentage of kills by you in the entire game.
 C = Kills by friends in this place as a percentage of kills by friends in the entire game.
 D = Other kills in this place as a percentage of other kills in the entire game.
 E = Experience gained in this place as a percentage of experience gained in the entire game.
 F = Experience gained in this place divided by the number of levels of this place that you have seen.
                   A       B       C       D       E      F
               +-------+-------+-------+-------+-------+----------------------
         Total | 100.0 | 100.0 |   N/A |   N/A | 100.0 |  28.8
       Dungeon | 100.0 | 100.0 |   N/A |   N/A | 100.0 |  28.8
               +-------+-------+-------+-------+-------+----------------------

Vault maps used:
D:1:      giann_wishing_wells
D:2:      nicolae_qazlal_general_emergency, lemuel_doored_altar,
          overflow_temple_1_default, uniq_jessica, uniq_robin
D:3:      nicolae_tso_carved_into_rock, chequers_ecumenical_altar_grove,
          uniq_terence, uniq_grinder, uniq_sigmund
D:4:      nicolae_overflow_hidden_temple, first_ration, uniq_duvessa
